| TOP OF THE 1ST |
|
Arizona Diamondbacks batting - Pitching for San Francisco Giants : RHP Tyler Smith
|
|
Pitching: RHP Tyler Smith
|
|
|
Batting: LHB Eric Klasek
|
0-0: Foul Ball, location: 2F 0-1: Called Strike 0-2: Foul Ball, location: 2F 0-2: Ball 1-2: Foul Ball, location: 2F 1-2: Ball 2-2: Ball 3-2: Base on Balls
|
|
Batting: RHB David Price Jr.
|
0-0: Ball 1-0: Ball 2-0: Called Strike 2-1: Ball 3-1: Fly out, F8 (Line Drive, 8LM, EV 91.3 MPH)
|
|
Batting: SHB Alec Thorpe
|
0-0: Ball 1-0: Ball 2-0: Called Strike 2-1: Foul Ball, location: 2F 2-2: Fielders Choice at 2nd, 3-6 (Groundball, 3, EV 100.6 MPH)
|
|
Batting: LHB Danny Dunham
|
0-0: Called Strike 0-1: Ball Alec Thorpe steals 2nd base (no throw) 1-1: Foul Ball, location: 2F 1-2: Fly out, F8 (Flyball, 8RM, EV 95.0 MPH)
|
| Top of the 1st over - 0 runs, 0 hits, 0 errors, 1 left on base; Arizona 0 - San Francisco 0 |
| BOTTOM OF THE 1ST |
|
San Francisco Giants batting - Pitching for Arizona Diamondbacks : RHP David Mendoza
|
|
Pitching: RHP David Mendoza
|
|
|
Batting: RHB Nick Rigden
|
0-0: Ball 1-0: Ball 2-0: Ground out 6-3 (Groundball, 6, EV 78.1 MPH)
|
|
Batting: SHB Ryan Doss
|
0-0: Ball 1-0: Foul Ball, location: 2F 1-1: Swinging Strike 1-2: Foul Ball, location: 2F 1-2: Ground out 6-3 (Groundball, 4, EV 87.5 MPH)
|
|
Batting: LHB Jack Henningar
|
0-0: Called Strike 0-1: Ball 1-1: DOUBLE (Line Drive, 89M, EV 88.8 MPH)
|
|
Batting: LHB Willis Robles
|
0-0: Ball 1-0: Called Strike 1-1: Ball Balk! Jack Henningar to third 2-1: Ball 3-1: Called Strike 3-2: Foul Ball, location: 2F 3-2: Foul Ball, location: 2F 3-2: Foul Ball, location: 2F 3-2: Foul Ball, location: 2F 3-2: Foul Ball, location: 2F 3-2: Foul Ball, location: 2F 3-2: Ground out 4-3 (Groundball, 34, EV 108.8 MPH)
|
| Bottom of the 1st over - 0 runs, 1 hit, 0 errors, 1 left on base; Arizona 0 - San Francisco 0 |
| TOP OF THE 2ND |
|
Arizona Diamondbacks batting - Pitching for San Francisco Giants : RHP Tyler Smith
|
|
Batting: SHB Perry Tuckfard
|
0-0: Ground out 4-3 (Groundball, 34D, EV 106.3 MPH)
|
|
Batting: RHB Blake Ballard
|
0-0: Swinging Strike 0-1: Ball 1-1: Swinging Strike 1-2: Foul Ball, location: 2F 1-2: Strikes out swinging
|
|
Batting: RHB Mario Soto
|
0-0: Called Strike 0-1: Ball 1-1: Ball 2-1: Foul Ball, location: 2F 2-2: Foul Ball, location: 2F 2-2: Fly out, F9 (Flyball, 9, EV 91.9 MPH)
|
| Top of the 2nd over - 0 runs, 0 hits, 0 errors, 0 left on base; Arizona 0 - San Francisco 0 |
| BOTTOM OF THE 2ND |
|
San Francisco Giants batting - Pitching for Arizona Diamondbacks : RHP David Mendoza
|
|
Batting: RHB Sean Zielinski
|
0-0: Ball 1-0: Ball 2-0: DOUBLE (Line Drive, 7LM, EV 105.6 MPH)
|
|
Batting: RHB Jim Zucco
|
0-0: Called Strike 0-1: SINGLE (Groundball, 23, EV 72.5 MPH) (infield hit) Sean Zielinski to third
|
|
Batting: RHB Jason May
|
0-0: Ball 1-0: Foul Ball, location: 2F 1-1: Ball 2-1: Foul Ball, location: 2F 2-2: Ball 3-2: Fielders Choice at 2nd, 3-6 (Groundball, 34, EV 86.9 MPH) Sean Zielinski scores
|
|
Batting: RHB Ray Llewellyn
|
0-0: Ball 1-0: Ball Wild Pitch! Jason May to second 2-0: Ball 3-0: Base on Balls
|
|
Batting: RHB Xavier Castellanos
|
0-0: Ground out 6-3 (Groundball, 6S, EV 73.1 MPH) Jason May to third Ray Llewellyn to second
|
|
Batting: RHB Nick Rigden
|
0-0: Ball 1-0: Ball 2-0: Ball 3-0: Base on Balls
|
|
Batting: SHB Ryan Doss
|
0-0: Fielders Choice at 2nd, 6-4 (Groundball, 4M, EV 103.1 MPH)
|
| Bottom of the 2nd over - 1 run, 2 hits, 0 errors, 3 left on base; Arizona 0 - San Francisco 1 |
| TOP OF THE 3RD |
|
Arizona Diamondbacks batting - Pitching for San Francisco Giants : RHP Tyler Smith
|
|
Batting: LHB Kyle Beaulieu
|
0-0: Ball 1-0: Ball 2-0: Called Strike 2-1: Called Strike 2-2: Ground out 4-3 (Groundball, 4, EV 101.9 MPH)
|
|
Batting: SHB Troy McClure
|
0-0: Ball 1-0: Called Strike 1-1: Ball 2-1: Ball 3-1: Foul Ball, location: 2F 3-2: SINGLE (Line Drive, 8LS, EV 96.9 MPH)
|
|
Batting: LHB Eric Klasek
|
0-0: Ball Troy McClure steals 2nd, throwing error, E2 Troy McClure to third 1-0: Ball 2-0: Called Strike 2-1: Ball 3-1: Base on Balls
|
|
Batting: RHB David Price Jr.
|
0-0: Ball Eric Klasek steals 2nd base 1-0: Ball 2-0: Called Strike 2-1: Ground out 4-3 (Groundball, 4, EV 84.4 MPH) Troy McClure scores Eric Klasek to third
|
|
Batting: SHB Alec Thorpe
|
0-0: Ball 1-0: Foul Ball, location: 2F 1-1: Called Strike 1-2: 2-RUN HOME RUN (Flyball, 7LD, EV 96.9 MPH), Distance : 365 ft
|
|
Batting: LHB Danny Dunham
|
0-0: Called Strike 0-1: Ball 1-1: Foul Ball, location: 2F 1-2: Foul Ball, location: 2F 1-2: Fly out, F2 (Popup, 2LF, EV 91.3 MPH)
|
| Top of the 3rd over - 3 runs, 2 hits, 1 error, 0 left on base; Arizona 3 - San Francisco 1 |
| BOTTOM OF THE 3RD |
|
San Francisco Giants batting - Pitching for Arizona Diamondbacks : RHP David Mendoza
|
|
Batting: LHB Jack Henningar
|
0-0: Ball 1-0: Called Strike 1-1: Fly out, F9 (Flyball, 89D, EV 99.4 MPH)
|
|
Batting: LHB Willis Robles
|
0-0: Fly out, F8 (Flyball, 8RM, EV 86.9 MPH)
|
|
Batting: RHB Sean Zielinski
|
0-0: Called Strike 0-1: Foul Ball, location: 2F 0-2: Ball 1-2: Foul Ball, location: 2F 1-2: Strikes out swinging
|
| Bottom of the 3rd over - 0 runs, 0 hits, 0 errors, 0 left on base; Arizona 3 - San Francisco 1 |
| TOP OF THE 4TH |
|
Arizona Diamondbacks batting - Pitching for San Francisco Giants : RHP Tyler Smith
|
|
Batting: SHB Perry Tuckfard
|
0-0: Called Strike 0-1: Ball 1-1: Ball 2-1: Ball 3-1: Swinging Strike 3-2: Ground out U3 (Groundball, 3, EV 103.1 MPH)
|
|
Batting: RHB Blake Ballard
|
0-0: Called Strike 0-1: Ball 1-1: Swinging Strike 1-2: Ball 2-2: Ball 3-2: Foul Ball, location: 2F 3-2: Strikes out swinging
|
|
Batting: RHB Mario Soto
|
0-0: Ball 1-0: Ball 2-0: Ball 3-0: Called Strike 3-1: SINGLE (Flyball, 34D, EV 87.5 MPH)
|
|
Batting: LHB Kyle Beaulieu
|
0-0: Ball Wild Pitch! Mario Soto to second 1-0: Ball 2-0: Called Strike 2-1: Ball 3-1: Base on Balls
|
|
Batting: SHB Troy McClure
|
0-0: Called Strike 0-1: Swinging Strike 0-2: Fly out, F7 (Line Drive, 7D, EV 90.0 MPH)
|
| Top of the 4th over - 0 runs, 1 hit, 0 errors, 2 left on base; Arizona 3 - San Francisco 1 |
| BOTTOM OF THE 4TH |
|
San Francisco Giants batting - Pitching for Arizona Diamondbacks : RHP David Mendoza
|
|
Batting: RHB Jim Zucco
|
0-0: Ball 1-0: Ball 2-0: Ball 3-0: Fly out, F9 (Line Drive, 9, EV 90.6 MPH)
|
|
Batting: RHB Jason May
|
0-0: Ball 1-0: Ground out 4-3 (Groundball, 4, EV 83.8 MPH)
|
|
Batting: RHB Ray Llewellyn
|
0-0: Called Strike 0-1: Foul Ball, location: 2F 0-2: Ball 1-2: Ball 2-2: Ball 3-2: Ground out 4-3 (Groundball, 4, EV 82.5 MPH)
|
| Bottom of the 4th over - 0 runs, 0 hits, 0 errors, 0 left on base; Arizona 3 - San Francisco 1 |
| TOP OF THE 5TH |
|
Arizona Diamondbacks batting - Pitching for San Francisco Giants : RHP Tyler Smith
|
|
Batting: LHB Eric Klasek
|
0-0: Ball 1-0: Foul Ball, location: 2F 1-1: Ball 2-1: Fly out, F9 (Flyball, 9LD, EV 90.6 MPH)
|
|
Pitching: RHP Allen Vesey
|
|
|
Batting: RHB David Price Jr.
|
0-0: Ball 1-0: Ball 2-0: Called Strike 2-1: Fly out, F6 (Flyball, 56D, EV 89.4 MPH)
|
|
Batting: SHB Alec Thorpe
|
0-0: Ball 1-0: SINGLE (Groundball, 4MD, EV 100.0 MPH)
|
|
Batting: LHB Danny Dunham
|
0-0: Ball Alec Thorpe steals 2nd base 1-0: Foul Ball, location: 2F 1-1: Ground out 4-3 (Groundball, 4, EV 88.1 MPH)
|
| Top of the 5th over - 0 runs, 1 hit, 0 errors, 1 left on base; Arizona 3 - San Francisco 1 |
| BOTTOM OF THE 5TH |
|
San Francisco Giants batting - Pitching for Arizona Diamondbacks : RHP David Mendoza
|
|
Batting: RHB Xavier Castellanos
|
0-0: Called Strike 0-1: Foul Ball, location: 2F 0-2: Strikes out swinging
|
|
Batting: RHB Nick Rigden
|
0-0: Swinging Strike 0-1: Ball 1-1: Ball 2-1: Foul Ball, location: 2F 2-2: Ground out 6-3 (Groundball, 6, EV 103.8 MPH)
|
|
Batting: SHB Ryan Doss
|
0-0: Called Strike 0-1: Ball 1-1: Foul Ball, location: 2F 1-2: Ball 2-2: Foul Ball, location: 2F 2-2: Foul Ball, location: 2F 2-2: Foul Ball, location: 2F 2-2: Foul Ball, location: 2F 2-2: Fly out, F4 (Popup, 34, EV 56.9 MPH)
|
| Bottom of the 5th over - 0 runs, 0 hits, 0 errors, 0 left on base; Arizona 3 - San Francisco 1 |
| TOP OF THE 6TH |
|
Arizona Diamondbacks batting - Pitching for San Francisco Giants : RHP Allen Vesey
|
|
Batting: SHB Perry Tuckfard
|
0-0: Called Strike 0-1: Called Strike 0-2: Foul Ball, location: 2F 0-2: Foul Ball, location: 2F 0-2: Foul Ball, location: 2F 0-2: Fly out, F8 (Line Drive, 8RD, EV 95.0 MPH)
|
|
Batting: RHB Blake Ballard
|
0-0: Called Strike 0-1: Foul Ball, location: 2F 0-2: Ball 1-2: Foul Ball, location: 2F 1-2: Ball 2-2: Ball 3-2: Strikes out looking
|
|
Batting: RHB Mario Soto
|
0-0: Called Strike 0-1: Ball 1-1: Ball 2-1: Ball 3-1: Ground out 5-3 (Groundball, 5, EV 83.8 MPH)
|
| Top of the 6th over - 0 runs, 0 hits, 0 errors, 0 left on base; Arizona 3 - San Francisco 1 |
| BOTTOM OF THE 6TH |
|
San Francisco Giants batting - Pitching for Arizona Diamondbacks : RHP David Mendoza
|
|
Batting: LHB Jack Henningar
|
0-0: Ball 1-0: SOLO HOME RUN (Flyball, 7D, EV 98.8 MPH), Distance : 388 ft
|
|
Batting: LHB Willis Robles
|
0-0: Ball 1-0: Ball 2-0: SOLO HOME RUN (Flyball, 8LXD, EV 108.1 MPH), Distance : 463 ft
|
|
Batting: RHB Sean Zielinski
|
0-0: SINGLE (Groundball, 4M, EV 83.1 MPH) (infield hit)
|
|
Batting: RHB Jim Zucco
|
0-0: Called Strike 0-1: Foul Ball, location: 2F 0-2: Ball 1-2: Foul Ball, location: 2F 1-2: Grounds into double play, 5-4-3 (Groundball, 56S, EV 80.6 MPH)
|
|
Batting: RHB Jason May
|
0-0: SINGLE (Groundball, 34D, EV 96.3 MPH)
|
|
Batting: RHB Ray Llewellyn
|
0-0: Ball 1-0: Called Strike 1-1: Ball 2-1: Foul Ball, location: 2F 2-2: Foul Ball, location: 2F 2-2: SINGLE (Groundball, 6MD, EV 101.9 MPH) Jason May to second
|
|
Batting: RHB Xavier Castellanos
|
0-0: Ball 1-0: Ball 2-0: Foul Ball, location: 2F 2-1: Foul Ball, location: 2F 2-2: Ball Wild Pitch! Jason May to third Ray Llewellyn to second 3-2: Strikes out swinging
|
| Bottom of the 6th over - 2 runs, 5 hits, 0 errors, 2 left on base; Arizona 3 - San Francisco 3 |
| TOP OF THE 7TH |
|
Arizona Diamondbacks batting - Pitching for San Francisco Giants : RHP Allen Vesey
|
|
Pitching: RHP Andrew Kindig
|
|
|
Batting: LHB Kyle Beaulieu
|
0-0: Ball 1-0: Ball 2-0: Foul Ball, location: 2F 2-1: Swinging Strike 2-2: Ball 3-2: Strikes out looking
|
|
Batting: SHB Troy McClure
|
0-0: Ball 1-0: Swinging Strike 1-1: Foul Ball, location: 2F 1-2: Foul Ball, location: 2F 1-2: Strikes out swinging
|
|
Batting: LHB Eric Klasek
|
0-0: Ball 1-0: Called Strike 1-1: Fly out, F6 (Flyball, 4MD, EV 83.1 MPH)
|
| Top of the 7th over - 0 runs, 0 hits, 0 errors, 0 left on base; Arizona 3 - San Francisco 3 |
| BOTTOM OF THE 7TH |
|
San Francisco Giants batting - Pitching for Arizona Diamondbacks : RHP David Mendoza
|
|
Pitching: RHP André Gaillard
|
|
|
Batting: RHB Nick Rigden
|
0-0: Ball 1-0: Ball 2-0: Ball 3-0: Called Strike 3-1: Base on Balls
|
|
Batting: SHB Ryan Doss
|
0-0: Sac Bunt to 13S - play at first, batter OUT! 1-4 Nick Rigden to second
|
|
Pitching: LHP Jose Rodriguez
|
|
|
Batting: LHB Jack Henningar
|
0-0: Swinging Strike 0-1: Fly out, F8 (Flyball, 8LD, EV 81.9 MPH) Runner from 2nd tags up, OUT at 3rd! 8-5
|
| Bottom of the 7th over - 0 runs, 0 hits, 0 errors, 0 left on base; Arizona 3 - San Francisco 3 |
| TOP OF THE 8TH |
|
Arizona Diamondbacks batting - Pitching for San Francisco Giants : RHP Andrew Kindig
|
|
Batting: RHB David Price Jr.
|
0-0: Ball 1-0: Called Strike 1-1: Foul Ball, location: 2F 1-2: Ball 2-2: Foul Ball, location: 2F 2-2: Strikes out looking
|
|
Batting: SHB Alec Thorpe
|
0-0: Ball 1-0: Ball 2-0: Ball 3-0: Called Strike 3-1: Foul Ball, location: 2F 3-2: SINGLE (Line Drive, 7S, EV 95.6 MPH)
|
|
Batting: LHB Danny Dunham
|
0-0: Ball Alec Thorpe steals 2nd base 1-0: Ball 2-0: Ball 3-0: Called Strike 3-1: Foul Ball, location: 2F 3-2: Base on Balls
|
|
Batting: SHB Perry Tuckfard
|
0-0: Ball Alec Thorpe steals 3rd base (no throw) 1-0: Ball 2-0: Called Strike 2-1: Called Strike 2-2: Ball 3-2: Fly out, F8 (Line Drive, 8LD, EV 107.5 MPH) Runner from 3rd tags up, SCORES, throw by CF
|
|
Pitching: RHP Johnny Munoz
|
|
|
Batting: RHB Blake Ballard
|
0-0: Ball 1-0: Ball 2-0: Ball 3-0: Called Strike 3-1: Foul Ball, location: 2F 3-2: Fly out, F7 (Flyball, 7LD, EV 85.0 MPH)
|
| Top of the 8th over - 1 run, 1 hit, 0 errors, 1 left on base; Arizona 4 - San Francisco 3 |
| BOTTOM OF THE 8TH |
|
San Francisco Giants batting - Pitching for Arizona Diamondbacks : LHP Jose Rodriguez
|
|
Pinch Hitting: SHB Ken Welch
|
0-0: Ball 1-0: Foul Ball, location: 2F 1-1: SOLO HOME RUN (Flyball, 78XD, EV 113.1 MPH), Distance : 431 ft
|
|
Pitching: RHP Willie Nieto
|
|
|
Batting: RHB Sean Zielinski
|
0-0: Called Strike 0-1: Foul Ball, location: 2F 0-2: Foul Ball, location: 2F 0-2: Strikes out swinging
|
|
Pitching: RHP Larry Mathieu
|
|
|
Batting: RHB Jim Zucco
|
0-0: Ball 1-0: Swinging Strike 1-1: Foul Ball, location: 2F 1-2: SINGLE (Line Drive, 34D, EV 104.4 MPH)
|
|
Batting: RHB Jason May
|
0-0: Ball 1-0: Called Strike 1-1: SINGLE (Line Drive, 56D, EV 108.1 MPH) Jim Zucco to second
|
|
Batting: RHB Ray Llewellyn
|
0-0: Ball 1-0: Ball 2-0: Ball 3-0: Called Strike 3-1: Base on Balls Jim Zucco to third Jason May to second
|
|
Batting: RHB Xavier Castellanos
|
0-0: SINGLE (Groundball, 34D, EV 110.0 MPH) Jim Zucco scores Jason May to third Ray Llewellyn to second
|
|
Batting: RHB Nick Rigden
|
0-0: Called Strike 0-1: Ball 1-1: Swinging Strike 1-2: Strikes out swinging
|
|
Batting: SHB Ryan Doss
|
0-0: Ball 1-0: Ball 2-0: Called Strike 2-1: Called Strike 2-2: Ground out 4-3 (Groundball, 4, EV 103.1 MPH)
|
| Bottom of the 8th over - 2 runs, 4 hits, 0 errors, 3 left on base; Arizona 4 - San Francisco 5 |
| TOP OF THE 9TH |
|
Arizona Diamondbacks batting - Pitching for San Francisco Giants : RHP Johnny Munoz
|
|
Pitching: RHP Borisz Barciniak
|
|
|
Now in LF: Hugo Zacarias
|
|
|
Batting: SHB Valentin Laporte
|
0-0: Ball 1-0: Swinging Strike 1-1: Foul Ball, location: 2F 1-2: Ball 2-2: Ball 3-2: Foul Ball, location: 2F 3-2: Foul Ball, location: 2F 3-2: Foul Ball, location: 2F 3-2: Base on Balls
|
|
Batting: LHB Kyle Beaulieu
|
0-0: Ball 1-0: Swinging Strike 1-1: Bunted foul 1-2: Ball 2-2: SINGLE (Line Drive, 9S, EV 87.5 MPH) Valentin Laporte to second Runner from 2nd tries for 3rd, SAFE, throw by RF made to third
|
|
Batting: SHB Troy McClure
|
0-0: Ball 1-0: Ball 2-0: Called Strike 2-1: DOUBLE (Flyball, 8LXD, EV 100.6 MPH) Valentin Laporte scores Kyle Beaulieu to third
|
|
Batting: LHB Eric Klasek
|
0-0: Intentional Walk
|
|
Batting: RHB David Price Jr.
|
0-0: Ball 1-0: Ball 2-0: Foul Ball, location: 2F 2-1: Foul Ball, location: 2F 2-2: GRAND SLAM HOME RUN (Flyball, 7D, EV 104.4 MPH), Distance : 408 ft
|
|
Pitching: RHP Nate Heideman
|
|
|
Batting: SHB Alec Thorpe
|
0-0: Ball 1-0: Ball 2-0: Swinging Strike 2-1: Fly out, F8 (Flyball, 8RS, EV 84.4 MPH)
|
|
Batting: LHB Danny Dunham
|
0-0: Swinging Strike 0-1: Ball 1-1: Called Strike 1-2: Ball 2-2: Ball 3-2: Base on Balls
|
|
Batting: SHB Perry Tuckfard
|
0-0: Ball 1-0: 2-RUN HOME RUN (Flyball, 9LD, EV 93.8 MPH), Distance : 345 ft
|
|
Batting: RHB Blake Ballard
|
0-0: Ball 1-0: Called Strike 1-1: Swinging Strike 1-2: Ball 2-2: Ball 3-2: Strikes out swinging
|
|
Batting: SHB Valentin Laporte
|
0-0: Ball 1-0: Ball 2-0: Ball 3-0: Base on Balls
|
|
Batting: LHB Kyle Beaulieu
|
0-0: Called Strike 0-1: Ball 1-1: Foul Ball, location: 2F 1-2: Ball 2-2: Strikes out looking
|
| Top of the 9th over - 7 runs, 4 hits, 0 errors, 1 left on base; Arizona 11 - San Francisco 5 |
| BOTTOM OF THE 9TH |
|
San Francisco Giants batting - Pitching for Arizona Diamondbacks : RHP Larry Mathieu
|
|
Batting: LHB Jack Henningar
|
0-0: Foul Ball, location: 2F 0-1: Foul Ball, location: 2F 0-2: Strikes out looking
|
|
Batting: RHB Hugo Zacarias
|
0-0: SOLO HOME RUN (Flyball, 7LD, EV 93.1 MPH), Distance : 353 ft
|
|
Batting: RHB Sean Zielinski
|
0-0: Foul Ball, location: 2F 0-1: Ball 1-1: Ball 2-1: Foul Ball, location: 2F 2-2: Ball 3-2: Fly out, F8 (Flyball, 89D, EV 102.5 MPH)
|
|
Pitching: RHP Sean Hartgrove
|
|
|
Batting: RHB Jim Zucco
|
0-0: Ground out 5-3 (Groundball, 56, EV 105.0 MPH)
|
| Bottom of the 9th over - 1 run, 1 hit, 0 errors, 0 left on base; Arizona 11 - San Francisco 6 |
|